 Dungeon Crawl Stone Soup version 0.21-a0-529-g8c7b3f5 (webtiles) character file.

221 Gerstahl the Slasher (level 6, 0/48 HPs)
             Began as a Human Monk on Dec 9, 2017.
             Succumbed to a scorpion's poison
             ... on level 4 of the Dungeon.
             The game lasted 00:05:32 (3358 turns).

Gerstahl the Slasher (Human Monk)                   Turns: 3358, Time: 00:05:33

Health: 0/48       AC:  7    Str: 14    XL:     6   Next: 19%
Magic:  6/6        EV: 13    Int: 16    God:
Gold:   48         SH:  0    Dex: 17    Spells: 5/5 levels left

rFire    . . .     SeeInvis .   a - +0 falchion
rCold    . . .     Gourm    .   (no shield)
rNeg     . . .     Faith    .   m - +0 ring mail
rPois    .         Spirit   .   (no helmet)
rElec    .         Reflect  .   (no cloak)
rCorr    .         Harm     .   (no gloves)
MR       +....                  r - +1 pair of boots
Stlth    ..........             (no amulet)
HPRegen  0.16/turn              p - ring of loudness (curse)
MPRegen  0.10/turn              (no ring)

@: mighty, brilliant, lethally poisoned (0 -> -8), berserk cooldown, flying,
hasted and slowed
A: magic resistance 1, weak 1, evolution 1, no potion heal 1
a: no special abilities


You were on level 4 of the Dungeon.
You were not hungry.

You visited 1 branch of the dungeon, and saw 4 of its levels.

You collected 191 gold pieces.
You spent 143 gold pieces at shops.

Inventory:

Hand Weapons
 a - a +0 falchion (weapon)
Armour
 b - a +0 robe
 j - a +0 pair of boots
 m - a +0 ring mail (worn)
 r - a +1 pair of boots (worn)
Jewellery
 p - a cursed ring of loudness (left hand)
Scrolls
 e - 2 scrolls of teleportation {unknown}
 g - a scroll of immolation {unknown}
 i - 3 scrolls of blinking {unknown}
 k - 2 scrolls of remove curse
 n - 2 scrolls of identify {unknown}
 t - a scroll of noise {unknown}
Potions
 f - a potion of flight
 h - a potion of berserk rage
 l - a potion of haste
Books
 s - a book of Changes

   Spells                             Type                      Level
   a - Beastly Appendage              Transmutation                1
   b - Sticks to Snakes               Transmutation                2
   c - Spider Form                    Transmutation/Poison         3
   d - Ice Form                       Ice/Transmutation            4
   e - Blade Hands                    Transmutation                5
Comestibles
 c - 2 bread rations
 o - a fruit


   Skills:
 + Level 4.2 Fighting
 + Level 4.2 Long Blades
 + Level 1.9 Armour
 + Level 4.2 Dodging
 - Level 2.0 Stealth


You had 5 spell levels left.
You didn't know any spells.

Dungeon Overview and Level Annotations

Branches:
Dungeon (4/15)
 Temple: D:4-7

Altars:
Dithmenos

Shops:
D:4 *


Innate Abilities, Weirdness & Mutations

You are resistant to hostile enchantments. (MR+)
You are weak. (Str -2)
You evolve.
Potions are less effective at restoring your health.


Message History

You feel yourself slow down.
* * * LOW HITPOINT WARNING * * *
You feel sick.
It was a potion of haste.
You feel yourself speed up.
* * * LOW HITPOINT WARNING * * *
You feel sick.
It was a potion of brilliance.
You feel clever all of a sudden.
* * * LOW HITPOINT WARNING * * *
You feel sick.
It was a potion of might.
You feel very mighty all of a sudden.
* * * LOW HITPOINT WARNING * * *
You feel sick.
There is a lethal amount of poison in your body!
There is a lethal amount of poison in your body!
There is a lethal amount of poison in your body!
* * * LOW HITPOINT WARNING * * *
You feel sick.
You die...

##...##
......#
#...#
#.....#
###.?.###
#.....#
#$......#
#....##
.......
#.#.##
.....
#.#.#
#...#
#.#.#
#...#
..#.#
#@########
#.#.#
#........#
....#
########.#
....# #.#
....# ##.#
...##
##..# #.##
##.#.##
#.#
#.###.#
#.#
##.#.##


There were no monsters in sight!

Vanquished Creatures
  A scorpion (D:4)
  A worker ant zombie (D:3)
  4 adders
  2 gnolls (D:2)
  An ooze (D:3)
  4 worms
  4 dart slugs
  3 leopard geckos
  3 ball pythons
  6 giant cockroaches
  7 goblins
  6 hobgoblins
  11 jackals
  8 kobolds
  3 bats
  5 frilled lizards
  A jackal skeleton (D:2)
  A quokka skeleton (D:3)
  5 rats
76 creatures vanquished.

Notes
Turn   | Place    | Note
-------+----------+-------------------------------------------
     0 | D:1      | Gerstahl the Human Monk began the quest for the Orb.
     0 | D:1      | Reached XP level 1. HP: 18/18 MP: 1/1
   151 | D:1      | Reached XP level 2. HP: 20/24 MP: 2/2
   367 | D:1      | Reached XP level 3. HP: 12/29 MP: 3/3
  1091 | D:2      | You fall through a shaft!
  1557 | D:3      | Reached XP level 4. HP: 34/36 MP: 4/4
  1769 | D:2      | Reached skill level 1 in Armour
  2005 | D:2      | Reached XP level 5. HP: 42/42 MP: 5/5
  2918 | D:3      | Found a shadowy altar of Dithmenos.
  3184 | D:4      | Found Liemaast's General Store.
  3188 | D:4      | Bought a potion of mutation for 104 gold pieces
  3188 | D:4      | Bought a scroll of remove curse for 39 gold pieces
  3188 | D:4      | Gained mutation: You are resistant to hostile enchantments. (MR+) [potion of mutation]
  3188 | D:4      | Gained mutation: Potions are less effective at restoring your health. [potion of mutation]
  3188 | D:4      | Gained mutation: You are weak. (Str -2) [potion of mutation]
  3188 | D:4      | Gained mutation: You evolve. [potion of mutation]
  3349 | D:4      | Reached XP level 6. HP: 13/48 MP: 6/6
  3356 | D:4      | HP: 2/48 [poisoned by a scorpion]
  3358 | D:4      | Succumbed to a scorpion's poison

Vault maps used:
D:1:      dpeg_arrival_refuge
D:2:      first_bread, kennysheep_generic_room_14
D:3:      grunt_dithmenos_smoke_and_mirrors
D:4:      serial_shops, shop, uniq_eustachio

Skill      XL: |  1  2  3  4  5 |
---------------+----------------+-----
Armour         | 1 |  1.9
Dodging        | 4 |  4.2
Long Blades    | 4 |  4.2
Fighting       | 4 |  4.2
Stealth        | |  2.0

Action                   |  1- 3 |  4- 6 || total
-------------------------+-------+-------++-------
Melee: Falchion          |    85 |   220 ||   305
  Use: Potion            |       |     6 ||     6
 Stab: Sleeping          |     4 |       ||     4
  Eat: Chunk             |     2 |     6 ||     8
Armor: Robe              |     8 |       ||     8
       Ring mail         |     3 |    98 ||   101
Dodge: Dodged            |    71 |   156 ||   227
       Rpst.: Falchion   |    21 |    51 ||    72

Table legend:
 A = Spawn XP
 B = Non-spawn XP
 C = Spawn XP percentage of total XP
 D = Spawn monster count
 E = Non-spawn monster count
 F = Spawn count percentage of total count
 G = Total turns spent on level
                    A         B        C        D         E        F      G
               +---------+---------+-------+---------+---------+-------+---------
         Total |       0 |     317 |   0.0 |       0 |      76 |   0.0 |  3358
               +---------+---------+-------+---------+---------+-------+---------
           D:1 |       0 |      40 |   0.0 |       0 |      18 |   0.0 |  1036
           D:2 |       0 |     115 |   0.0 |       0 |      36 |   0.0 |   992
           D:3 |       0 |      69 |   0.0 |       0 |      17 |   0.0 |  1030
           D:4 |       0 |      93 |   0.0 |       0 |       5 |   0.0 |   300
               +---------+---------+-------+---------+---------+-------+---------
